 Dungeon Crawl Stone Soup version 0.29.0-11-gd7f09526c8 (webtiles) character file.

Game seed: 515263100465494618

189 NinjaNoafa the Cutter (level 5, -1/34 HPs)
             Began as a Draconian Wanderer on Sept 3, 2022.
             Was an Initiate of Sif Muna.
             Slain by an orc
             ... wielding a +0 dagger
              (2 damage)
             ... on level 4 of the Dungeon.
             The game lasted 00:06:46 (3554 turns).

NinjaNoafa the Cutter (Draconian Wanderer)          Turns: 3554, Time: 00:06:47

Health: -1/34      AC:  6    Str:  7 (9)  XL:     5   Next: 40%
Magic:  1/6        EV: 11    Int: 18 (21) God:    Sif Muna [......]
Gold:   190        SH:  0    Dex:  8 (11) Spells: 5/6 levels left

rFire   . . .      SeeInvis .   a - +2 short sword
rCold   . . .      Faith    .   (no shield)
rNeg    . . .      Spirit   .   (body armour unavailable)
rPois   .          Reflect  .   (helmet restricted)
rElec   .          Harm     .   (no cloak)
rCorr   .          Rampage  .   b - +0 pair of gloves
Will    .....                   (no boots)
Stlth   +.........              (no amulet)
HPRegen 0.11/turn               (no ring)
MPRegen 0.10/turn               (no ring)

@: brilliant, slowed, very slow
A: AC +5, unfitting armour, cold-blooded, stinger 1, clever 1, frail 1
a: Renounce Religion


You were on level 4 of the Dungeon.
You worshipped Sif Muna.
Sif Muna was noncommittal.
You visited 1 branch of the dungeon, and saw 4 of its levels.

You collected 190 gold pieces.

Inventory:

Hand Weapons
 a - a +2 short sword (weapon)
Missiles
 p - 13 stones
 t - 5 poisoned darts
 v - 2 atropa-tipped darts
Armour
 b - a +0 pair of gloves (worn)
Scrolls
 c - a scroll of fear
 e - 4 scrolls of summoning {unknown}
 f - a scroll of vulnerability {unknown}
 i - 2 scrolls of fog {unknown}
 j - a scroll of enchant weapon {unknown}
 k - 4 scrolls of blinking {unknown}
 l - 3 scrolls of identify {unknown}
 n - a scroll of torment {unknown}
 q - a scroll of immolation {unknown}
 r - a scroll of brand weapon {unknown}
 s - a scroll of poison {unknown}
 w - a scroll of teleportation {unknown}
Potions
 g - 2 potions of mutation
 h - a potion of brilliance
 m - a potion of lignification {unknown}
 o - a potion of heal wounds {unknown}
 u - a potion of cancellation {unknown}


   Skills:
 - Level 5.0 Short Blades
 - Level 1.7 Dodging
 - Level 1.0 Stealth
 - Level 1.0 Spellcasting
 + Level 1.7 Conjurations
 - Level 5.0 Fire Magic


You had 5 spell levels left.
You knew the following spells:

 Your Spells              Type           Power      Damage    Failure   Level
a - Foxfire               Conj/Fire      76%        2x1d7     4%          1

Your spell library contained the following spells:

 Spells                   Type           Power      Damage    Failure   Level
 Conjure Flame            Conj/Fire      19%        6-21      16%         3
 Inner Flame              Hex/Fire       14%        N/A       22%         3
 Blink                    Tloc           2%         N/A       30%         2
 Flame Wave               Conj/Fire      19%        2d7       45%         4
 Manifold Assault         Tloc           1%         N/A       99%         5
 Storm Form               Tmut/Air       0%         N/A       100%        7


Dungeon Overview and Level Annotations

Branches:
Dungeon (4/15)
 Temple: D:4-7

Altars:
Qazlal
Sif Muna
Trog
Wu Jian


Innate Abilities, Weirdness & Mutations

Your plain brown scales are hard. (AC +5)
You cannot fit into any form of body armour.
You are cold-blooded and may be slowed by cold attacks.
Your tail ends in a venomous barb.
Your mind is acute. (Int +4, Str/Dex -1)
You are frail. (-10% HP)


Message History

The orc hits you but does no damage. The endoplasm hits you.
Casting: Foxfire (safe; 5% risk of failure)
Confirm with . or Enter, or press ? or * to list all spells.
You conjure some foxfire!
The endoplasm hits you but does no damage.
The orc hits you with a +0 flail!
* * * LOW HITPOINT WARNING * * *
Something hits you but does no damage. The orc hits you with a +0 club.
* * * LOW HITPOINT WARNING * * *
It was a potion of mutation.
You feel extremely strange.
A venomous barb forms on the end of your tail.
You feel frail.
You feel clever.
The foxfire hits the endoplasm.
You kill the endoplasm!
Sif Muna accepts your kill.
The foxfire hits the orc.
You kill the orc!
Sif Muna accepts your kill.
The orc throws a boomerang of dispersal.
The boomerang of dispersal barely misses you.
Something hits you.
* * * LOW HITPOINT WARNING * * *
Something hits you but does no damage.
The orc throws a boomerang of dispersal.
The boomerang of dispersal hits you but does no damage.
The orc hits you but does no damage.
It was a potion of brilliance.
You feel clever all of a sudden. The orc barely misses you. Something hits you.
* * * LOW HITPOINT WARNING * * *
It was a potion of degeneration.
There was something very wrong with that liquid.
You feel weakened.
You feel dopey.
You feel clumsy. The orc closely misses you. The orc barely misses you.
Something hits you but does no damage.
You hear some strange, mumbled words.
A puff of flame appears from out of thin air!
The puff of flame misses you. The orc hits you but does no damage.
The orc hits you with a +0 dagger.
You die...

...## .... .
... .. #..##
... #...##
....
#...##..?..
##..........
#.)o@#
#..#o{# ...
#<## # #..#
....# ##...#
##..# #...
....


You could see 2 orcs.

Vanquished Creatures
  A centaur (D:3)
  4 adders
  A worm (D:2)
  2 dart slugs
  3 orcs
  8 ball pythons
  8 endoplasms
  2 giant cockroaches (D:3)
  5 goblins
  4 hobgoblins
  3 jackals (D:1)
  3 quokkas (D:1)
  6 bats
  A frilled lizard (D:1)
  4 kobolds
  9 rats
64 creatures vanquished.

Vanquished Creatures (others)
  196 foxfires
196 creatures vanquished.

Grand Total: 260 creatures vanquished

Notes
Turn   | Place    | Note
-------+----------+-------------------------------------------
     0 | D:1      | NinjaNoafa the Draconian Wanderer began the quest for the
                  | Orb.
     0 | D:1      | NinjaNoafa set off with the following items: a +2 short
                  | sword, a +0 pair of gloves, a scroll of fear; and the
                  | following spell memorised: Foxfire; and the following
                  | spells available to memorise: Inner Flame.
     0 | D:1      | Reached XP level 1. HP: 14/14 MP: 2/2
   186 | D:1      | Reached XP level 2. HP: 19/20 MP: 0/3
  1126 | D:2      | Reached XP level 3. HP: 26/26 MP: 0/4
  1998 | D:2      | Found a faded altar of an unknown god.
  2176 | D:2      | Reached XP level 4. HP: 31/33 MP: 1/5
  2488 | D:3      | Noticed a centaur
  2507 | D:3      | Killed a centaur
  2508 | D:3      | Reached skill level 5 in Fire Magic
  2508 | D:3      | Reached XP level 5. HP: 12/38 MP: 1/6
  2858 | D:3      | Found a stormy altar of Qazlal.
  3068 | D:3      | Reached skill level 1 in Conjurations
  3495 | D:3      | Found a bloodstained altar of Trog.
  3498 | D:3      | Found an ornate altar of the Wu Jian Council.
  3503 | D:3      | Found a shimmering blue altar of Sif Muna.
  3511 | D:3      | Became a worshipper of Sif Muna the Loreminder
  3552 | D:4      | Gained mutation: Your tail ends in a venomous barb. [potion
                  | of mutation]
  3552 | D:4      | Gained mutation: You are frail. (-10% HP) [potion of
                  | mutation]
  3552 | D:4      | Gained mutation: Your mind is acute. (Int +4, Str/Dex -1)
                  | [potion of mutation]
  3553 | D:4      | HP: 1/34 [something (2)]
  3554 | D:4      | Slain by an orc

Illustrated notes

Levels and vault maps discovered:
D:1:      sevenhm_arrival_forest_fort_small_4, layout_loops_ring
D:2:      layout_loops_ring, shapermc_ecumenical_altar_mp_vishouse,
          serial_glass, glass_columns_a, glass_columns_c, glass_columns_a,
          glass_columns_c, minmay_strange_pillars, due_unseen_surprise,
          item_on_display_b, grunt_decor_resistance
D:3:      layout_rooms, overflow_temple_1_default,
          grunt_temple_overflow_diamond, kennysheep_crisscross
D:4:      cheibrodos_fertilizer, layout_layer_cave, serial_shops, shop, shop,
          shop, wad_floor_pattern_untrapped, uniq_duvessa, uniq_menkaure

Skill      XL: |  1  2  3  4  5 |
---------------+----------------+-----
Fire Magic     | 2 3 5 |  5.0
Conjurations   | 1 |  1.7
Short Blades   | |  5.0
Dodging        | |  1.7
Stealth        | |  1.0
Spellcasting   | |  1.0

Action                   |  1- 3 |  4- 6 || total
-------------------------+-------+-------++-------
Melee: Short sword       |    28 |    21 ||    49
       Tailslap          |     1 |     4 ||     5
 Cast: Foxfire           |    76 |    53 ||   129
  Use: Potion            |       |     3 ||     3
Armor: Skin              |    17 |    28 ||    45
Dodge: Dodged            |    30 |    37 ||    67
